Canadiens vs Devils
Created - December 21, 2024 at 23:14
Goals
|
| Canadiens |
2 |
1 |
1 |
4 |
| Devils |
0 |
1 |
0 |
1 |
|
Shots
|
| Canadiens |
10 |
5 |
6 |
21 |
| Devils |
17 |
8 |
12 |
37 |
|
1st period
1. Canadiens , Brady Tkachuk 2 (Quinn Hughes 5, Ladislav Smid 2) at 17:12
2. Canadiens , Mikkel Boedker 17 (David Pastrnak 16, Michael Matheson 7) at 18:10
Penalties :
Michael Del Zotto (N.J) for Hooking (Minor) at 18:15
2nd period
3. Canadiens , Mikkel Boedker 18 (Adam Fox 14, Joel Eriksson Ek 7) at 13:01 (SH)
4. Devils , Michael Del Zotto 2 (Ondrej Kase 9, Jonathan Quick) at 13:38 (PP)
Penalties :
Michael Matheson (Mtl) for Holding (Minor) at 11:58
3rd period
5. Canadiens , David Pastrnak 18 (Mikkel Boedker 18, Auston Matthews 12) at 7:53 (PP)
Penalties :
Michael Del Zotto (N.J) for Unsportsmanlike conduct (Minor) at 2:34, Eric Tangradi (N.J) for Cross-checking (Minor) at 7:42, Matthew Tkachuk (Mtl) for Roughing (Minor) at 9:46
Goalie Stats
John Gibson (Mtl), 36 saves from 37 shots - (0.973), W, 11-8-4, 60:00 minutes
Elvis Merzlikins (N.J), 3 saves from 3 shots - (1.000), 12:07 minutes
Jonathan Quick (N.J), 14 saves from 18 shots - (0.778), L, 11-6-1, 47:53 minutes
Players Stats for Canadiens
Player Name G A P +/- PIM S H SB GA TA FO MP PP MP PK MP
------------------------------------------------------------------------------------
Adam Fox 0 1 1 1 0 1 0 1 1 0 0/0 22:49 2:09 0:46
Anthony Cirelli 0 0 0 0 0 0 0 1 0 0 1/1 15:47 1:41 2:21
Auston Matthews 0 1 1 1 0 2 2 1 0 0 15/32 19:21 2:28 0:00
Ben Smith 0 0 0 0 0 3 0 0 0 0 0/0 11:55 0:00 0:23
Brady Tkachuk 1 0 1 1 0 2 0 0 0 0 0/0 10:12 1:41 0:00
Brandon Carlo 0 0 0 0 0 1 1 1 0 2 0/0 23:16 1:37 1:59
David Pastrnak 1 1 2 1 0 4 3 1 0 0 0/0 19:21 2:28 0:00
Jeff Schultz 0 0 0 1 0 0 0 3 0 0 0/0 22:08 0:00 1:59
Joel Eriksson Ek 0 1 1 2 0 0 0 1 0 0 1/2 10:10 0:00 1:19
Josh Anderson 0 0 0 1 0 0 1 1 0 1 0/0 8:51 0:00 0:00
Ladislav Smid 0 1 1 2 0 0 1 0 0 1 0/0 13:23 0:00 1:40
Logan Couture 0 0 0 0 0 0 0 2 0 0 2/7 14:19 0:00 2:20
Matthew Tkachuk 0 0 0 0 2 0 1 0 0 0 0/0 15:23 0:00 0:00
Michael Matheson 0 1 1 1 2 1 1 3 0 1 0/0 22:12 0:23 0:54
Mikkel Boedker 2 1 3 2 0 4 2 2 0 0 1/3 20:28 2:28 0:55
Nikita Kucherov 0 0 0 0 0 2 3 0 0 0 0/0 17:30 2:32 0:00
Quinn Hughes 0 1 1 1 0 0 0 0 0 0 0/0 13:04 1:37 0:00
Sean Monahan 0 0 0 0 0 1 4 0 1 0 4/10 16:10 1:41 0:00
Players Stats for Devils
Player Name G A P +/- PIM S H SB GA TA FO MP PP MP PK MP
------------------------------------------------------------------------------------
Anton Lander 0 0 0 0 0 1 0 0 0 0 3/7 10:18 0:00 0:52
Brayden Point 0 0 0 -1 0 3 0 0 0 1 5/7 15:56 1:41 0:00
Cam Fowler 0 0 0 -2 0 0 3 4 0 0 0/0 24:50 1:18 3:15
Damon Severson 0 0 0 -1 0 0 0 0 0 0 0/0 17:54 2:22 0:00
Eric Tangradi 0 0 0 0 2 0 0 0 0 0 0/0 9:43 0:00 0:32
Jonathan Huberdeau 0 0 0 -1 0 4 4 0 0 0 1/2 15:56 1:41 0:00
Kristopher Letang 0 0 0 -1 0 3 1 1 0 0 0/0 23:36 1:02 3:15
Logan Shaw 0 0 0 0 0 6 1 0 2 0 0/0 15:07 0:00 0:52
Matt Donovan 0 0 0 -1 0 1 1 0 1 1 0/0 18:50 0:56 0:54
Michael Del Zotto 1 0 1 0 4 2 2 1 1 0 0/0 18:04 1:40 0:00
Nail Yakupov 0 0 0 0 0 0 2 0 0 0 0/0 9:12 0:00 0:00
Nazem Kadri 0 0 0 0 0 8 0 2 0 0 13/24 17:20 1:58 0:00
Nick Palmieri 0 0 0 0 0 2 0 0 0 0 2/2 19:08 0:00 2:45
Ondrej Kase 0 1 1 -3 0 1 3 0 0 0 0/0 14:35 1:41 0:32
Sam Bennett 0 0 0 -2 0 2 1 2 0 0 7/12 17:52 1:58 2:45
Sven Baertschi 0 0 0 -2 0 0 0 1 0 0 0/1 12:06 0:00 0:00
Thomas Hickey 0 0 0 -1 0 0 1 1 0 0 0/0 18:01 0:00 0:54
Tyler Ennis 0 0 0 0 0 4 3 1 1 0 0/0 17:20 1:58 0:00
3 Stars
1 - Mikkel Boedker (Mtl)
2 - John Gibson (Mtl)
3 - David Pastrnak (Mtl)
Power Play
Canadiens - 1 on 3 Attempt(s) - 33.33%
Devils - 1 on 2 Attempt(s) - 50.00%
Penalty Kill
Canadiens - 1 on 2 Attempt(s) - 50.00%
- Score 1 goal in Penalty Kill
Devils - 2 on 3 Attempt(s) - 66.67%
- Score 0 goal in Penalty Kill
Team Stat
Canadiens - Hits : 19 - Faceoff Wins : 24 - Blocked Shots : 17 - Penalty Minutes : 4
Devils - Hits : 22 - Faceoff Wins : 31 - Blocked Shots : 13 - Penalty Minutes : 6
Official
Referees : Wes McCauley and Jacob Brenk
Linesman : Tyson Baker and Travis Toomey
Game Notes
Elvis Merzlikins enters game at 7:53 of 3rd period
Finance
Level 1 -- Attendance: 5532 (92.20%) -- Ticket Income $553,200
Level 2 -- Attendance: 5000 (100.00%) -- Ticket Income $350,000
Level 3 -- Attendance: 2000 (100.00%) -- Ticket Income $80,000
Level 4 -- Attendance: 4000 (100.00%) -- Ticket Income $120,000
Luxury Box -- Attendance: 1000 (100.00%) -- Ticket Income $200,000
Game was played at the Prudential Center.
Total Attendance: 17532 (97.40%)
Total Ticket Income: $1,303,200
Other Income: $195,480
Total Income: $1,498,680
Canadiens
5 vs 5 Forward
Center Left Wing Right Wing Time % Phy DF OF
1 Auston Matthews Mikkel Boedker David Pastrnak 40 0 2 3
2 Sean Monahan Matthew Tkachuk Nikita Kucherov 30 0 2 3
3 Logan Couture Anthony Cirelli Ben Smith 20 0 3 2
4 Joel Eriksson Ek Brady Tkachuk Josh Anderson 10 2 2 1
5 vs 5 Defense
Defense Defense Time % Phy DF OF
1 Adam Fox Brandon Carlo 40 1 2 2
2 Jeff Schultz Michael Matheson 40 1 3 1
3 Quinn Hughes Ladislav Smid 20 0 2 3
4 Ladislav Smid Michael Matheson 0 1 2 2
PowerPlay Forward
Center Left Wing Right Wing Time % Phy DF OF
1 Auston Matthews Mikkel Boedker David Pastrnak 60 0 2 3
2 Sean Monahan Brady Tkachuk Anthony Cirelli 40 0 2 3
PowerPlay Defense
Defense Defense Time % Phy DF OF
1 Nikita Kucherov Adam Fox 60 0 2 3
2 Brandon Carlo Quinn Hughes 40 0 2 3
Penalty Kill 4 Players Forward
Center Wing Time % Phy DF OF
1 Logan Couture Anthony Cirelli 60 1 3 1
2 Joel Eriksson Ek Ben Smith 40 1 3 1
Penalty Kill 4 Players Defense
Defense Defense Time % Phy DF OF
1 Jeff Schultz Brandon Carlo 60 1 3 1
2 Michael Matheson Ladislav Smid 40 1 3 1
Penalty Kill - 3 Players Forward
Forward Time % Phy DF OF
1 Logan Couture 60 1 3 1
2 Anthony Cirelli 40 1 3 1
Penalty Kill - 3 Players Defense
Defense Defense Time % Phy DF OF
1 Jeff Schultz Brandon Carlo 60 1 3 1
2 Ladislav Smid Michael Matheson 40 1 3 1
4 vs 4 Forward
Center Wing Time % Phy DF OF
1 Auston Matthews David Pastrnak 60 1 2 2
2 Sean Monahan Nikita Kucherov 40 1 2 2
4 vs 4 Defense
Defense Defense Time % Phy DF OF
1 Adam Fox Brandon Carlo 60 1 2 2
2 Quinn Hughes Jeff Schultz 40 1 2 2
Last Minutes Offensive
Center Left Wing Right Wing Defense Defense
Auston Matthews Mikkel Boedker David Pastrnak Adam Fox Quinn Hughes
Last Minutes Defensive
Center Left Wing Right Wing Defense Defense
Logan Couture Anthony Cirelli Ben Smith Jeff Schultz Brandon Carlo
Goaltenders
Starting : John Gibson
Backup : Thomas McCollum
Extra Forwards
Normal : Sean Monahan, Matthew Tkachuk, Anthony Cirelli - PP : Ben Smith, Matthew Tkachuk - PK : Joel Eriksson Ek
Extra Defensemen
Normal : Michael Matheson, Quinn Hughes, Ladislav Smid - PP : Michael Matheson - PK : Adam Fox, Quinn Hughes
Penalty Shots
Logan Couture, David Pastrnak, Mikkel Boedker, Nikita Kucherov, Ben Smith
Custom OT Lines Forwards
Auston Matthews, David Pastrnak, Sean Monahan, Mikkel Boedker, Nikita Kucherov, Ben Smith, Anthony Cirelli, Matthew Tkachuk, Logan Couture, Brady Tkachuk
Custom OT Lines Defensemen
Brandon Carlo, Adam Fox, Quinn Hughes, Jeff Schultz, Michael Matheson
Scratches
Kyle Rau (Healthy)
Devils
5 vs 5 Forward
Center Left Wing Right Wing Time % Phy DF OF
1 Nazem Kadri Tyler Ennis Nick Palmieri 35 0 2 3
2 Brayden Point Jonathan Huberdeau Logan Shaw 30 0 2 3
3 Sam Bennett Sven Baertschi Ondrej Kase 25 0 2 3
4 Anton Lander Eric Tangradi Nail Yakupov 10 0 2 3
5 vs 5 Defense
Defense Defense Time % Phy DF OF
1 Cam Fowler Kristopher Letang 36 1 3 1
2 Matt Donovan Thomas Hickey 32 1 3 1
3 Michael Del Zotto Damon Severson 32 1 3 1
4 Cam Fowler Damon Severson 0 1 3 1
PowerPlay Forward
Center Left Wing Right Wing Time % Phy DF OF
1 Nazem Kadri Tyler Ennis Sam Bennett 55 0 0 5
2 Brayden Point Jonathan Huberdeau Ondrej Kase 45 0 0 5
PowerPlay Defense
Defense Defense Time % Phy DF OF
1 Cam Fowler Damon Severson 55 0 2 3
2 Michael Del Zotto Kristopher Letang 45 0 2 3
Penalty Kill 4 Players Forward
Center Wing Time % Phy DF OF
1 Sam Bennett Nick Palmieri 60 1 3 1
2 Anton Lander Logan Shaw 40 1 3 1
Penalty Kill 4 Players Defense
Defense Defense Time % Phy DF OF
1 Cam Fowler Kristopher Letang 60 1 4 0
2 Thomas Hickey Matt Donovan 40 1 4 0
Penalty Kill - 3 Players Forward
Forward Time % Phy DF OF
1 Nazem Kadri 60 0 4 1
2 Brayden Point 40 0 4 1
Penalty Kill - 3 Players Defense
Defense Defense Time % Phy DF OF
1 Cam Fowler Kristopher Letang 60 1 4 0
2 Thomas Hickey Matt Donovan 40 1 4 0
4 vs 4 Forward
Center Wing Time % Phy DF OF
1 Nazem Kadri Tyler Ennis 60 0 2 3
2 Brayden Point Jonathan Huberdeau 40 0 2 3
4 vs 4 Defense
Defense Defense Time % Phy DF OF
1 Cam Fowler Kristopher Letang 60 0 3 2
2 Michael Del Zotto Damon Severson 40 0 3 2
Last Minutes Offensive
Center Left Wing Right Wing Defense Defense
Nazem Kadri Tyler Ennis Brayden Point Cam Fowler Damon Severson
Last Minutes Defensive
Center Left Wing Right Wing Defense Defense
Nazem Kadri Tyler Ennis Nick Palmieri Cam Fowler Kristopher Letang
Goaltenders
Starting : Jonathan Quick
Backup : Elvis Merzlikins
Extra Forwards
Normal : Sam Bennett, Ondrej Kase, Logan Shaw - PP : Nick Palmieri, Ondrej Kase - PK : Ondrej Kase
Extra Defensemen
Normal : Kristopher Letang, Matt Donovan, Damon Severson - PP : Matt Donovan - PK : Kristopher Letang, Cam Fowler
Penalty Shots
Tyler Ennis, Nazem Kadri, Brayden Point, Ondrej Kase, Jonathan Huberdeau
Custom OT Lines Forwards
Tyler Ennis, Nazem Kadri, Jonathan Huberdeau, Brayden Point, Sam Bennett, Nick Palmieri, Logan Shaw, Nail Yakupov, Ondrej Kase, Sven Baertschi
Custom OT Lines Defensemen
Cam Fowler, Michael Del Zotto, Kristopher Letang, Matt Donovan, Thomas Hickey
Scratches
Darren Dietz (Healthy)
% Time on Ice - Canadiens
Lines # - Real PCT - Wanted PCT - Time Play
Normal Forward
1 - 33% - 40% - 17:20
2 - 28% - 30% - 14:29
3 - 22% - 20% - 11:32
4 - 17% - 10% - 8:51
Normal Defense
1 - 39% - 40% - 20:20
2 - 39% - 40% - 20:36
3 - 21% - 20% - 11:07
4 - 0% - 0% - 0:09
PP Forward
1 - 59% - 60% - 2:28
2 - 41% - 40% - 1:41
PP Defense
1 - 61% - 60% - 2:32
2 - 39% - 40% - 1:37
PK Forward
1 - 89% - 60% - 3:16
2 - 11% - 40% - 0:23
PK Defense
1 - 54% - 60% - 1:59
2 - 46% - 40% - 1:40
PK3 Forward
1 - 0% - 60%
2 - 0% - 40%
PK3 Defense
1 - 0% - 60%
2 - 0% - 40%
44 Forward
1 - 0% - 60%
2 - 0% - 40%
44 Defense
1 - 0% - 60%
2 - 0% - 40%
Last Minute Offensive - 0:00
Last Minute Defensive - 0:00
Total
Forward - 60:00
Defense - 60:00
|
% Time on Ice - Devils
Lines # - Real PCT - Wanted PCT - Time Play
Normal Forward
1 - 32% - 35% - 16:39
2 - 27% - 30% - 14:15
3 - 23% - 25% - 12:06
4 - 18% - 10% - 9:12
Normal Defense
1 - 36% - 36% - 18:53
2 - 33% - 32% - 17:07
3 - 31% - 32% - 16:12
4 - 0% - 0% - 0:00
PP Forward
1 - 54% - 55% - 1:58
2 - 46% - 45% - 1:41
PP Defense
1 - 54% - 55% - 1:59
2 - 46% - 45% - 1:40
PK Forward
1 - 79% - 60% - 3:17
2 - 21% - 40% - 0:52
PK Defense
1 - 78% - 60% - 3:15
2 - 22% - 40% - 0:54
PK3 Forward
1 - 0% - 60%
2 - 0% - 40%
PK3 Defense
1 - 0% - 60%
2 - 0% - 40%
44 Forward
1 - 0% - 60%
2 - 0% - 40%
44 Defense
1 - 0% - 60%
2 - 0% - 40%
Last Minute Offensive - 0:00
Last Minute Defensive - 0:00
Total
Forward - 60:00
Defense - 60:00
|
Play-by-Play
1st period
0:01 of 1st period - Nazem Kadri wins face-off versus Auston Matthews in neutral zone.
0:27 of 1st period - Cam Fowler is hit by Sean Monahan and loses puck.
0:34 of 1st period - Snap shot by Logan Shaw.
0:34 of 1st period - Stopped by John Gibson with a rebound.
0:50 of 1st period - Thomas Hickey is hit by Josh Anderson and loses puck.
1:02 of 1st period - Off-side.
1:03 of 1st period - Logan Couture wins face-off versus Anton Lander in neutral zone.
1:36 of 1st period - Snap shot by David Pastrnak.
1:36 of 1st period - Stopped by Jonathan Quick without a rebound.
1:37 of 1st period - Sam Bennett wins face-off versus Sean Monahan in Devils zone.
1:48 of 1st period - Slapshot by Sam Bennett.
1:48 of 1st period - Stopped by John Gibson with a rebound.
2:09 of 1st period - Logan Shaw is hit by Auston Matthews and loses puck.
2:16 of 1st period - Wrist shot by David Pastrnak.
2:16 of 1st period - Shot Misses the Net.
2:21 of 1st period - Icing by Matt Donovan.
2:22 of 1st period - Brayden Point wins face-off versus Logan Couture in Devils zone.
2:29 of 1st period - Snap shot by Brayden Point.
2:29 of 1st period - Shot Misses the Net.
2:33 of 1st period - Wrist shot by Brayden Point.
2:33 of 1st period - Stopped by John Gibson without a rebound.
2:34 of 1st period - Auston Matthews wins face-off versus Nazem Kadri in Canadiens zone.
2:41 of 1st period - Icing by Tyler Ennis.
2:42 of 1st period - Auston Matthews wins face-off versus Nazem Kadri in Devils zone.
3:17 of 1st period - Off-side.
3:18 of 1st period - Sean Monahan wins face-off versus Sam Bennett in neutral zone.
3:47 of 1st period - Snap shot by Jonathan Huberdeau.
3:47 of 1st period - Stopped by John Gibson without a rebound.
3:48 of 1st period - Brayden Point wins face-off versus Logan Couture in Canadiens zone.
3:49 of 1st period - Wrist shot by Logan Shaw.
3:49 of 1st period - Stopped by John Gibson without a rebound.
3:50 of 1st period - Anthony Cirelli wins face-off versus Jonathan Huberdeau in Canadiens zone.
4:25 of 1st period - Snap shot by Jonathan Huberdeau.
4:25 of 1st period - Stopped by John Gibson with a rebound.
4:35 of 1st period - Wrist shot by Brayden Point.
4:35 of 1st period - Stopped by John Gibson with a rebound.
4:51 of 1st period - Slapshot by Jonathan Huberdeau.
4:51 of 1st period - Shot Misses the Net.
5:29 of 1st period - Slapshot by Logan Shaw.
5:29 of 1st period - Shot Blocked by Logan Couture.
5:51 of 1st period - Slapshot by Thomas Hickey.
5:51 of 1st period - Shot Blocked by Anthony Cirelli.
5:57 of 1st period - Wrist shot by Brayden Point.
5:57 of 1st period - Deflect By Logan Shaw.
5:57 of 1st period - Stopped by John Gibson with a rebound.
6:19 of 1st period - Jeff Schultz is hit by Logan Shaw and loses puck.
6:24 of 1st period - Wrist shot by Jonathan Huberdeau.
6:24 of 1st period - Shot Misses the Net.
6:26 of 1st period - Slapshot by Matt Donovan.
6:26 of 1st period - Shot Misses the Net.
6:28 of 1st period - Slapshot by Jonathan Huberdeau.
6:28 of 1st period - Shot Blocked by Jeff Schultz.
6:30 of 1st period - Snap shot by Logan Shaw.
6:30 of 1st period - Deflect By Jonathan Huberdeau.
6:30 of 1st period - Stopped by John Gibson without a rebound.
6:31 of 1st period - Nazem Kadri wins face-off versus Auston Matthews in Canadiens zone.
7:05 of 1st period - Snap shot by Nikita Kucherov.
7:05 of 1st period - Deflect By Sean Monahan.
7:05 of 1st period - Shot Blocked by Kristopher Letang.
7:05 of 1st period - Puck is out of play.
7:06 of 1st period - Sean Monahan wins face-off versus Sven Baertschi in Devils zone.
7:09 of 1st period - Snap shot by Nikita Kucherov.
7:09 of 1st period - Stopped by Jonathan Quick with a rebound.
7:40 of 1st period - Ladislav Smid is hit by Cam Fowler and loses puck.
8:18 of 1st period - Josh Anderson is hit by Kristopher Letang and loses puck.
8:29 of 1st period - Snap shot by Ondrej Kase.
8:29 of 1st period - Stopped by John Gibson with a rebound.
8:45 of 1st period - Slapshot by Adam Fox.
8:45 of 1st period - Shot Blocked by Sven Baertschi.
8:47 of 1st period - Slapshot by Adam Fox.
8:47 of 1st period - Deflect By Brady Tkachuk.
8:47 of 1st period - Stopped by Jonathan Quick with a rebound.
8:51 of 1st period - Slapshot by Brandon Carlo.
8:51 of 1st period - Stopped by Jonathan Quick without a rebound.
8:52 of 1st period - Auston Matthews wins face-off versus Nazem Kadri in Devils zone.
9:03 of 1st period - Kristopher Letang is hit by Mikkel Boedker and loses puck.
10:41 of 1st period - Icing by Michael Del Zotto.
10:42 of 1st period - Mikkel Boedker wins face-off versus Anton Lander in Devils zone.
11:23 of 1st period - Slapshot by Adam Fox.
11:23 of 1st period - Deflect By David Pastrnak.
11:23 of 1st period - Stopped by Jonathan Quick without a rebound.
11:24 of 1st period - Anton Lander wins face-off versus Auston Matthews in Devils zone.
12:22 of 1st period - Ladislav Smid is hit by Tyler Ennis.
12:32 of 1st period - Matt Donovan is hit by Ladislav Smid and loses puck.
12:55 of 1st period - Snap shot by Nazem Kadri.
12:55 of 1st period - Stopped by John Gibson without a rebound.
12:56 of 1st period - Sam Bennett wins face-off versus Auston Matthews in Canadiens zone.
13:28 of 1st period - Snap shot by Jonathan Huberdeau.
13:28 of 1st period - Stopped by John Gibson with a rebound.
13:30 of 1st period - Slapshot by Kristopher Letang.
13:30 of 1st period - Shot Blocked by Adam Fox.
13:32 of 1st period - Backhand shot by Kristopher Letang.
13:32 of 1st period - Deflect By Sean Monahan.
13:32 of 1st period - Stopped by John Gibson without a rebound.
13:33 of 1st period - Auston Matthews wins face-off versus Anton Lander in Canadiens zone.
13:46 of 1st period - Snap shot by David Pastrnak.
13:46 of 1st period - Shot Blocked by Michael Del Zotto.
14:18 of 1st period - Michael Del Zotto is hit by Brandon Carlo and loses puck.
14:51 of 1st period - Wrist shot by Logan Shaw.
14:51 of 1st period - Stopped by John Gibson with a rebound.
15:07 of 1st period - Snap shot by Anton Lander.
15:07 of 1st period - Shot Misses the Net.
15:09 of 1st period - Wrist shot by Eric Tangradi.
15:09 of 1st period - Shot Blocked by Brandon Carlo.
15:11 of 1st period - Slapshot by Kristopher Letang.
15:11 of 1st period - Stopped by John Gibson without a rebound.
15:12 of 1st period - Sean Monahan wins face-off versus Nazem Kadri in Canadiens zone.
15:39 of 1st period - Mikkel Boedker is hit by Jonathan Huberdeau and loses puck.
15:44 of 1st period - Snap shot by Jonathan Huberdeau.
15:44 of 1st period - Shot Misses the Net.
15:46 of 1st period - Slapshot by Cam Fowler.
15:46 of 1st period - Shot Blocked by Jeff Schultz.
15:48 of 1st period - Snap shot by Cam Fowler.
15:48 of 1st period - Shot Blocked by Mikkel Boedker.
15:50 of 1st period - Snap shot by Jonathan Huberdeau.
15:50 of 1st period - Shot Misses the Net.
16:10 of 1st period - Wrist shot by Ben Smith.
16:10 of 1st period - Stopped by Jonathan Quick with a rebound.
16:12 of 1st period - Wrist shot by Michael Matheson.
16:12 of 1st period - Deflect By Ben Smith.
16:12 of 1st period - Shot Misses the Net.
16:12 of 1st period - Puck is out of play.
16:13 of 1st period - Nazem Kadri wins face-off versus Sean Monahan in Devils zone.
16:18 of 1st period - Backhand shot by Nazem Kadri.
16:18 of 1st period - Stopped by John Gibson without a rebound.
16:19 of 1st period - Nazem Kadri wins face-off versus Sean Monahan in Canadiens zone.
16:32 of 1st period - Backhand shot by Adam Fox.
16:32 of 1st period - Shot Blocked by Tyler Ennis.
16:34 of 1st period - Wrist shot by Adam Fox.
16:34 of 1st period - Shot Blocked by Nazem Kadri.
17:12 of 1st period - Snap shot by Brady Tkachuk.
17:12 of 1st period - Goal by Brady Tkachuk - Canadiens : 1 - Devils : 0.
17:13 of 1st period - Nazem Kadri wins face-off versus Auston Matthews in neutral zone.
17:26 of 1st period - Slapshot by Mikkel Boedker.
17:26 of 1st period - Shot Misses the Net.
17:54 of 1st period - Icing by Sven Baertschi.
17:55 of 1st period - Auston Matthews wins face-off versus Sam Bennett in Devils zone.
17:56 of 1st period - Snap shot by Mikkel Boedker.
17:56 of 1st period - Shot Blocked by Cam Fowler.
17:58 of 1st period - Slapshot by Michael Matheson.
17:58 of 1st period - Shot Blocked by Cam Fowler.
18:08 of 1st period - Wrist shot by David Pastrnak.
18:08 of 1st period - Shot Misses the Net.
18:10 of 1st period - Snap shot by David Pastrnak.
18:10 of 1st period - Deflect By Mikkel Boedker.
18:10 of 1st period - Goal by Mikkel Boedker - Canadiens : 2 - Devils : 0.
18:11 of 1st period - Auston Matthews wins face-off versus Nazem Kadri in neutral zone.
18:15 of 1st period - Minor Penalty to Michael Del Zotto for Hooking.
18:16 of 1st period - Sam Bennett wins face-off versus Auston Matthews in Devils zone.
18:16 of 1st period - Sam Bennett is hit by Mikkel Boedker.
18:55 of 1st period - Snap shot by Logan Shaw.
18:55 of 1st period - Stopped by John Gibson without a rebound.
18:56 of 1st period - Anton Lander wins face-off versus Auston Matthews in Canadiens zone.
19:09 of 1st period - Snap shot by Mikkel Boedker.
19:09 of 1st period - Shot Misses the Net.
19:11 of 1st period - Wrist shot by Auston Matthews.
19:11 of 1st period - Stopped by Jonathan Quick with a rebound.
19:13 of 1st period - Slapshot by Mikkel Boedker.
19:13 of 1st period - Stopped by Jonathan Quick without a rebound.
19:14 of 1st period - Sam Bennett wins face-off versus Sean Monahan in Devils zone.
Goals for this period are 2 for Canadiens vs 0 for Devils.
Shots for this period are 10 for Canadiens vs 17 for Devils.
2nd period
0:01 of 2nd period - Auston Matthews wins face-off versus Sam Bennett in neutral zone.
0:04 of 2nd period - Slapshot by Nikita Kucherov.
0:04 of 2nd period - Stopped by Jonathan Quick with a rebound.
0:06 of 2nd period - Snap shot by Nikita Kucherov.
0:06 of 2nd period - Shot Blocked by Sam Bennett.
0:08 of 2nd period - Wrist shot by David Pastrnak.
0:08 of 2nd period - Stopped by Jonathan Quick with a rebound.
0:10 of 2nd period - Backhand shot by Nikita Kucherov.
0:10 of 2nd period - Shot Misses the Net.
0:12 of 2nd period - Slapshot by Mikkel Boedker.
0:12 of 2nd period - Shot Blocked by Sam Bennett.
0:15 of 2nd period - Penalty to Michael Del Zotto is over, Michael Del Zotto is back on ice.
0:47 of 2nd period - Wrist shot by Sam Bennett.
0:47 of 2nd period - Shot Blocked by Michael Matheson.
0:49 of 2nd period - Wrist shot by Michael Del Zotto.
0:49 of 2nd period - Shot Hit the Post.
1:09 of 2nd period - Cam Fowler is hit by Michael Matheson and loses puck.
1:24 of 2nd period - Snap shot by Anthony Cirelli.
1:24 of 2nd period - Deflect By Ben Smith.
1:24 of 2nd period - Stopped by Jonathan Quick without a rebound.
1:25 of 2nd period - Auston Matthews wins face-off versus Brayden Point in Devils zone.
1:40 of 2nd period - Snap shot by Brayden Point.
1:40 of 2nd period - Deflect By Logan Shaw.
1:40 of 2nd period - Stopped by John Gibson with a rebound.
1:42 of 2nd period - Backhand shot by Matt Donovan.
1:42 of 2nd period - Shot Blocked by Auston Matthews.
2:13 of 2nd period - Quinn Hughes is hit by Matt Donovan and loses puck.
3:15 of 2nd period - Nazem Kadri is hit by David Pastrnak and loses puck.
3:51 of 2nd period - Snap shot by Ondrej Kase.
3:51 of 2nd period - Shot Blocked by Logan Couture.
6:11 of 2nd period - Michael Matheson is hit by Nail Yakupov.
7:00 of 2nd period - Logan Couture is hit by Nail Yakupov and loses puck.
7:24 of 2nd period - Josh Anderson is hit by Michael Del Zotto and loses puck.
7:37 of 2nd period - Sven Baertschi is hit by Auston Matthews and loses puck.
7:54 of 2nd period - Sean Monahan is hit by Tyler Ennis and loses puck.
7:59 of 2nd period - Snap shot by Nick Palmieri.
7:59 of 2nd period - Shot Blocked by Michael Matheson.
8:01 of 2nd period - Wrist shot by Nazem Kadri.
8:01 of 2nd period - Stopped by John Gibson without a rebound.
8:02 of 2nd period - Brayden Point wins face-off versus Auston Matthews in Canadiens zone.
8:34 of 2nd period - Quinn Hughes is hit by Tyler Ennis and loses puck.
8:49 of 2nd period - Ladislav Smid is hit by Sam Bennett and loses puck.
8:56 of 2nd period - Slapshot by Ben Smith.
8:56 of 2nd period - Shot Misses the Net.
8:58 of 2nd period - Snap shot by Anthony Cirelli.
8:58 of 2nd period - Shot Misses the Net.
9:00 of 2nd period - Wrist shot by Ben Smith.
9:00 of 2nd period - Shot Misses the Net.
10:16 of 2nd period - Snap shot by David Pastrnak.
10:16 of 2nd period - Shot Misses the Net.
10:18 of 2nd period - Snap shot by Auston Matthews.
10:18 of 2nd period - Stopped by Jonathan Quick without a rebound.
10:19 of 2nd period - Auston Matthews wins face-off versus Brayden Point in Devils zone.
11:36 of 2nd period - Slapshot by Matt Donovan.
11:36 of 2nd period - Stopped by John Gibson without a rebound.
11:37 of 2nd period - Anton Lander wins face-off versus Auston Matthews in Canadiens zone.
11:58 of 2nd period - Minor Penalty to Michael Matheson for Holding.
11:59 of 2nd period - Logan Couture wins face-off versus Nazem Kadri in Canadiens zone.
13:01 of 2nd period - Snap shot by Mikkel Boedker.
13:01 of 2nd period - Goal by Mikkel Boedker - Canadiens : 3 - Devils : 0.
13:02 of 2nd period - Nazem Kadri wins face-off versus Logan Couture in neutral zone.
13:19 of 2nd period - Slapshot by Kristopher Letang.
13:19 of 2nd period - Shot Hit the Post.
13:38 of 2nd period - Slapshot by Michael Del Zotto.
13:38 of 2nd period - Goal by Michael Del Zotto - Canadiens : 3 - Devils : 1.
13:39 of 2nd period - Auston Matthews wins face-off versus Nazem Kadri in neutral zone.
13:52 of 2nd period - Adam Fox is hit by Cam Fowler and loses puck.
14:12 of 2nd period - Wrist shot by Jonathan Huberdeau.
14:12 of 2nd period - Shot Misses the Net.
14:14 of 2nd period - Wrist shot by Logan Shaw.
14:14 of 2nd period - Shot Blocked by Michael Matheson.
14:16 of 2nd period - Wrist shot by Kristopher Letang.
14:16 of 2nd period - Stopped by John Gibson without a rebound.
14:17 of 2nd period - Auston Matthews wins face-off versus Nazem Kadri in Canadiens zone.
14:32 of 2nd period - Slapshot by Tyler Ennis.
14:32 of 2nd period - Stopped by John Gibson with a rebound.
14:34 of 2nd period - Snap shot by Thomas Hickey.
14:34 of 2nd period - Shot Blocked by Mikkel Boedker.
14:44 of 2nd period - Jonathan Huberdeau is hit by Nikita Kucherov and loses puck.
16:14 of 2nd period - Nikita Kucherov is hit by Jonathan Huberdeau and loses puck.
17:28 of 2nd period - Icing by Josh Anderson.
17:29 of 2nd period - Brayden Point wins face-off versus Joel Eriksson Ek in Canadiens zone.
18:34 of 2nd period - Nikita Kucherov is hit by Ondrej Kase.
19:25 of 2nd period - Snap shot by Anton Lander.
19:25 of 2nd period - Shot Misses the Net.
19:43 of 2nd period - Snap shot by Michael Del Zotto.
19:43 of 2nd period - Stopped by John Gibson with a rebound.
19:45 of 2nd period - Slapshot by Michael Del Zotto.
19:45 of 2nd period - Shot Misses the Net.
19:47 of 2nd period - Slapshot by Sam Bennett.
19:47 of 2nd period - Stopped by John Gibson with a rebound.
19:49 of 2nd period - Wrist shot by Michael Del Zotto.
19:49 of 2nd period - Shot Misses the Net.
19:51 of 2nd period - Slapshot by Damon Severson.
19:51 of 2nd period - Shot Misses the Net.
Goals for this period are 1 for Canadiens vs 1 for Devils.
Shots for this period are 5 for Canadiens vs 8 for Devils.
3rd period
0:01 of 3rd period - Nazem Kadri wins face-off versus Auston Matthews in neutral zone.
0:26 of 3rd period - Cam Fowler is hit by Sean Monahan and loses puck.
1:15 of 3rd period - Slapshot by Matt Donovan.
1:15 of 3rd period - Deflect By Nail Yakupov.
1:15 of 3rd period - Shot Blocked by Joel Eriksson Ek.
1:15 of 3rd period - Puck is out of play.
1:16 of 3rd period - Nazem Kadri wins face-off versus Auston Matthews in Canadiens zone.
1:17 of 3rd period - Slapshot by Nick Palmieri.
1:17 of 3rd period - Deflect By Tyler Ennis.
1:17 of 3rd period - Shot Blocked by David Pastrnak.
1:17 of 3rd period - Puck is out of play.
1:18 of 3rd period - Auston Matthews wins face-off versus Nazem Kadri in Canadiens zone.
1:31 of 3rd period - Slapshot by Nazem Kadri.
1:31 of 3rd period - Stopped by John Gibson without a rebound.
1:32 of 3rd period - Auston Matthews wins face-off versus Nazem Kadri in Canadiens zone.
1:34 of 3rd period - Icing by Mikkel Boedker.
1:35 of 3rd period - Nazem Kadri wins face-off versus Auston Matthews in Canadiens zone.
2:14 of 3rd period - Snap shot by Logan Shaw.
2:14 of 3rd period - Shot Misses the Net.
2:26 of 3rd period - Ben Smith is hit by Michael Del Zotto and loses puck.
2:34 of 3rd period - Minor Penalty to Michael Del Zotto for Unsportsmanlike conduct.
2:35 of 3rd period - Sam Bennett wins face-off versus Mikkel Boedker in Devils zone.
4:01 of 3rd period - Brady Tkachuk is hit by Ondrej Kase and loses puck.
4:34 of 3rd period - Penalty to Michael Del Zotto is over, Michael Del Zotto is back on ice.
4:46 of 3rd period - Wrist shot by Ben Smith.
4:46 of 3rd period - Shot Misses the Net.
4:48 of 3rd period - Wrist shot by Ben Smith.
4:48 of 3rd period - Stopped by Jonathan Quick with a rebound.
4:50 of 3rd period - Snap shot by Matthew Tkachuk.
4:50 of 3rd period - Shot Blocked by Thomas Hickey.
4:52 of 3rd period - Wrist shot by Michael Matheson.
4:52 of 3rd period - Stopped by Jonathan Quick with a rebound.
4:54 of 3rd period - Wrist shot by Matthew Tkachuk.
4:54 of 3rd period - Shot Misses the Net.
6:37 of 3rd period - Icing by Michael Del Zotto.
6:38 of 3rd period - Sam Bennett wins face-off versus Logan Couture in Devils zone.
7:30 of 3rd period - Nail Yakupov is hit by Sean Monahan and loses puck.
7:42 of 3rd period - Minor Penalty to Eric Tangradi for Cross-checking.
7:43 of 3rd period - Auston Matthews wins face-off versus Sam Bennett in Devils zone.
7:51 of 3rd period - Snap shot by Mikkel Boedker.
7:51 of 3rd period - Shot Misses the Net.
7:53 of 3rd period - Snap shot by David Pastrnak.
7:53 of 3rd period - Goal by David Pastrnak - Canadiens : 4 - Devils : 1.
7:53 of 3rd period - Elvis Merzlikins enters game.
7:54 of 3rd period - Nazem Kadri wins face-off versus Mikkel Boedker in neutral zone.
8:44 of 3rd period - Ben Smith is hit by Ondrej Kase and loses puck.
9:03 of 3rd period - Snap shot by Anton Lander.
9:03 of 3rd period - Stopped by John Gibson with a rebound.
9:46 of 3rd period - Minor Penalty to Matthew Tkachuk for Roughing.
9:47 of 3rd period - Sam Bennett wins face-off versus Logan Couture in Canadiens zone.
9:53 of 3rd period - Snap shot by Nazem Kadri.
9:53 of 3rd period - Shot Blocked by Jeff Schultz.
11:46 of 3rd period - Penalty to Matthew Tkachuk is over, Matthew Tkachuk is back on ice.
12:26 of 3rd period - Sam Bennett is hit by Nikita Kucherov and loses puck.
12:41 of 3rd period - Brandon Carlo is hit by Jonathan Huberdeau and loses puck.
13:39 of 3rd period - Michael Del Zotto is hit by Sean Monahan and loses puck.
14:26 of 3rd period - Ben Smith is hit by Thomas Hickey and loses puck.
14:39 of 3rd period - Thomas Hickey is hit by Matthew Tkachuk and loses puck.
14:56 of 3rd period - Josh Anderson is hit by Jonathan Huberdeau and loses puck.
15:09 of 3rd period - Kristopher Letang is hit by David Pastrnak and loses puck.
15:59 of 3rd period - David Pastrnak is hit by Cam Fowler and loses puck.
16:07 of 3rd period - Icing by Auston Matthews.
16:08 of 3rd period - Sean Monahan wins face-off versus Sam Bennett in Canadiens zone.
16:19 of 3rd period - Wrist shot by Nikita Kucherov.
16:19 of 3rd period - Shot Misses the Net.
16:35 of 3rd period - Wrist shot by Tyler Ennis.
16:35 of 3rd period - Stopped by John Gibson without a rebound.
16:36 of 3rd period - Nazem Kadri wins face-off versus Auston Matthews in Canadiens zone.
16:43 of 3rd period - Snap shot by Nazem Kadri.
16:43 of 3rd period - Stopped by John Gibson with a rebound.
16:45 of 3rd period - Wrist shot by Nick Palmieri.
16:45 of 3rd period - Stopped by John Gibson without a rebound.
16:46 of 3rd period - Nazem Kadri wins face-off versus Auston Matthews in Canadiens zone.
16:47 of 3rd period - Slapshot by Tyler Ennis.
16:47 of 3rd period - Deflect By Nick Palmieri.
16:47 of 3rd period - Stopped by John Gibson without a rebound.
16:48 of 3rd period - Nick Palmieri wins face-off versus Auston Matthews in Canadiens zone.
17:03 of 3rd period - Snap shot by Tyler Ennis.
17:03 of 3rd period - Stopped by John Gibson without a rebound.
17:04 of 3rd period - Brayden Point wins face-off versus Sean Monahan in Canadiens zone.
17:05 of 3rd period - Snap shot by Jonathan Huberdeau.
17:05 of 3rd period - Shot Misses the Net.
17:13 of 3rd period - Wrist shot by Brayden Point.
17:13 of 3rd period - Stopped by John Gibson with a rebound.
17:31 of 3rd period - Nick Palmieri is hit by David Pastrnak and loses puck.
17:36 of 3rd period - Wrist shot by David Pastrnak.
17:36 of 3rd period - Shot Blocked by Nazem Kadri.
17:54 of 3rd period - Wrist shot by Logan Couture.
17:54 of 3rd period - Shot Blocked by Cam Fowler.
17:58 of 3rd period - Snap shot by Ben Smith.
17:58 of 3rd period - Shot Misses the Net.
18:00 of 3rd period - Slapshot by Ladislav Smid.
18:00 of 3rd period - Shot Blocked by Cam Fowler.
18:13 of 3rd period - Off-side.
18:14 of 3rd period - Joel Eriksson Ek wins face-off versus Anton Lander in neutral zone.
18:27 of 3rd period - Snap shot by Nail Yakupov.
18:27 of 3rd period - Shot Blocked by Josh Anderson.
18:48 of 3rd period - Slapshot by Adam Fox.
18:48 of 3rd period - Stopped by Elvis Merzlikins without a rebound.
18:49 of 3rd period - Auston Matthews wins face-off versus Nazem Kadri in Devils zone.
18:54 of 3rd period - Wrist shot by Mikkel Boedker.
18:54 of 3rd period - Stopped by Elvis Merzlikins with a rebound.
19:02 of 3rd period - Wrist shot by Nazem Kadri.
19:02 of 3rd period - Stopped by John Gibson without a rebound.
19:03 of 3rd period - Nick Palmieri wins face-off versus Auston Matthews in Canadiens zone.
19:20 of 3rd period - Snap shot by Tyler Ennis.
19:20 of 3rd period - Shot Misses the Net.
19:30 of 3rd period - Jonathan Huberdeau is hit by Nikita Kucherov and loses puck.
19:37 of 3rd period - Snap shot by Sean Monahan.
19:37 of 3rd period - Shot Misses the Net.
19:39 of 3rd period - Snap shot by Sean Monahan.
19:39 of 3rd period - Stopped by Elvis Merzlikins without a rebound.
19:40 of 3rd period - Nazem Kadri wins face-off versus Auston Matthews in Devils zone.
19:53 of 3rd period - Wrist shot by Tyler Ennis.
19:53 of 3rd period - Deflect By Nazem Kadri.
19:53 of 3rd period - Stopped by John Gibson with a rebound.
19:55 of 3rd period - Snap shot by Nazem Kadri.
19:55 of 3rd period - Stopped by John Gibson with a rebound.
19:57 of 3rd period - Snap shot by Tyler Ennis.
19:57 of 3rd period - Stopped by John Gibson without a rebound.
19:58 of 3rd period - Jonathan Huberdeau wins face-off versus Sean Monahan in Canadiens zone.
Goals for this period are 1 for Canadiens vs 0 for Devils.
Shots for this period are 6 for Canadiens vs 12 for Devils.
Output by the SimonT Hockey Simulator (STHS) for Francois Prevost